cohdb
Replays
Latest Replays
All Replays
Popular Replays
Top Player Replays
Match Explorer
How It Works
Community
CoH3 Stats
Reddit
Sign in to upload your games and track your stats! →
Sign in with Steam
Match 45563934
Unlisted
Match 45563934
Overview
Messages
Build Orders
End
Construct Infanterie Kompanie
Selects Terror Battlegroup
MG 42 Machine Gun Team
Grenadier Squad
Selects Machine Gun Camouflage
MG 42 Machine Gun Team
Grenadier Squad
Construct Luftwaffe Kompanie
Support Elements
Selects Contempt for the Weak
Pioneer Squad
Wirbelwind Flakpanzer
Jäger Squad
Marder III M Tank Destroyer
Pioneer Squad
Wirbelwind Flakpanzer
Pioneer Squad
Construct Panzer Kompanie
Selects No Quarter
Medical Bunker
Panzer IV Medium Tank
Forward Retreat Point
Side Skirts
Pioneer Squad
Pioneer Squad
Stoßtruppen Squad
Selects King Tiger Heavy Tank
Medical Station
King Tiger Heavy Tank
Nohope4u
†-MÐ-†AltruisticSaint
대포동미사일
vincent
Showerho
ModMapper
嗷呜嗷
stock726
0
0
Comments
sign in to comment!
No comments posted yet!